 Dungeon Crawl Stone Soup version 0.30-a0-782-ge64f9170bb (webtiles) character file.

Game seed: 14859660702226748871

2499900 touchme the Axe Maniac (level 26, 239/239 HPs)
             Began as a Minotaur Berserker on Feb 26, 2023.
             Was a High Priest of Trog.
             Escaped with the Orb
             ... and 4 runes on Feb 27, 2023!
             The game lasted 04:22:14 (61703 turns).

touchme the Axe Maniac (Minotaur Berserker)        Turns: 61703, Time: 04:22:15

Health: 239/239    AC: 49    Str: 30    XL:     26   Next: 41%
Magic:  17/22      EV: 29    Int:  7    God:    Trog [*****.]
Gold:   83         SH: 35    Dex: 23    Spells: 25/25 levels left

rFire   + + .      SeeInvis +    q - +6 broad axe (vamp)
rCold   + . .      Faith    .    P - +2 tower shield {reflect}
rNeg    . . .      Spirit   .    g - +9 gold dragon scales
rPois   +          Reflect  +    E - +2 hat
rElec   +          Harm     .    t - +2 cloak
rCorr   +          Rampage  ∞    k - +0 pair of gloves of Mefi {Will+}
Will    ++...                    W - +3 pair of seven-league boots {Rampage+∞} Stlth
                                 Z - amulet of Propriety {Reflect Fly Dex+3 Slay+2 SH+5 SInv}
HPRegen 0.59/turn                h - ring "Wiraoh" {rElec EV+5 Int+4 Dex+3}
MPRegen 0.18/turn                l - ring of the Octopus King {rCorr HP+2 AC+2 EV+2 SH+2}

@: flying, studying Dodging
A: horns 2, retaliatory headbutt, fire resistance 1, frail 1, electricity
resistance, strong 1, MP-powered wands
0: Orb of Zot
}: 4/15 runes: serpentine, barnacled, silver, abyssal
a: Renounce Religion, Berserk, Trog's Hand, Brothers in Arms


You escaped.
You worshipped Trog.
Trog was extremely pleased with you.
You visited 10 branches of the dungeon, and saw 48 of its levels.
You visited the Abyss 2 times.
You visited 1 bazaar.
You also visited: Ossuary, Ice Cave and Wizlab.

You collected 6640 gold pieces.
You spent 6557 gold pieces at shops.

Inventory:

Hand Weapons
 p - a +6 dire flail of holy wrath
 q - a +6 vampiric broad axe (weapon)
 w - a +5 antimagic broad axe
 z - a +9 broad axe of flaming
Missiles
 b - 24 boomerangs (quivered)
 D - 11 javelins
 G - 10 throwing nets
 I - 3 silver boomerangs
Armour
 g - +9 gold dragon scales (worn)
 k - the +0 pair of gloves of Mefi (worn) {Will+}
   (You bought it in a shop on level 5 of the Dungeon)

   Will:      It increases your willpower.
 t - a +2 cloak (worn)
 E - a +2 hat (worn)
 P - a +2 tower shield of reflection (worn)
 W - the +3 pair of seven-league boots (worn) {Rampage+∞}
   (You found it on level 2 of the Lair of Beasts)

   Rampage+∞: When moving toward enemies, its wearer moves as far as possible.
Jewellery
 h - the ring "Wiraoh" (left hand) {rElec EV+5 Int+4 Dex+3}
   (You found it on level 13 of the Dungeon)

   [ring of evasion]

   EV:        It affects your evasion (+5).
   Int:       It affects your intelligence (+4).
   Dex:       It affects your dexterity (+3).
   rElec:     It insulates you from electricity.
 l - a ring of the Octopus King (right hand) {rCorr HP+2 AC+2 EV+2 SH+2}
   (You found it on level 2 of the Depths)

   [ring of resist corrosion]

   AC:        It affects your AC (+2).
   EV:        It affects your evasion (+2).
   HP:        It affects your health (+2).
   rCorr:     It protects you from acid and corrosion.
   SH:        It affects your SH (+2).
 Z - the amulet of Propriety (around neck) {Reflect Fly Dex+3 Slay+2 SH+5 SInv}
   (You bought it in a shop on level 2 of the Orcish Mines)

   [amulet of reflection]

   It reflects blocked missile attacks.
   Dex:       It affects your dexterity (+3).
   Slay:      It affects your accuracy & damage with ranged weapons and melee
   (+2).
   SInv:      It lets you see invisible.
   Fly:       It grants you flight.
   SH:        It affects your SH (+5).
Wands
 c - a wand of polymorph (4)
 d - a wand of iceblast (39)
 x - a wand of quicksilver (12)
 y - a wand of flame (68)
 B - a wand of mindburst (34)
 F - a wand of charming (58)
 Q - a wand of digging (13)
Scrolls
 a - 4 scrolls of magic mapping
 i - 9 scrolls of immolation
 o - a scroll of brand weapon
 u - 10 scrolls of fear
 v - 28 scrolls of teleportation
 C - 2 scrolls of enchant armour
 K - a scroll of silence
 N - 6 scrolls of summoning
 O - 27 scrolls of identify
 X - a scroll of blinking
 Y - 6 scrolls of fog
Potions
 f - 31 potions of curing
 n - 6 potions of heal wounds
 s - 4 potions of cancellation
 A - 9 potions of mutation
 H - 10 potions of invisibility
 J - 4 potions of might
 L - 2 potions of haste
 R - 2 potions of resistance
Miscellaneous
 e - a lightning rod (4/4)
 j - a phantom mirror
 T - a condenser vane
 U - a phial of floods
 V - a box of beasts


   Skills:
 + Level 26.6 Fighting
 O Level 27 Axes
 + Level 24.9 Armour
 + Level 23.7 Dodging
 + Level 24.8 Shields
 - Level 10.0 Evocations


You had 25 spell levels left.
You didn't know any spells.
Your spell library was empty.

Dungeon Overview and Level Annotations

Branches:
Dungeon (15/15)            Temple (1/1) D:4            Lair (5/5) D:9
 Shoals (4/4) Lair:3        Snake (4/4) Lair:2        Slime (0/5) Lair:4
    Orc (2/2) D:11            Elf (3/3) Orc:2        Vaults (5/5) D:13
  Crypt (0/3) Vaults:3     Depths (4/4) D:15            Zot (5/5) Depths:4
Ossuary (visited)           IceCv (visited)          WizLab (visited)

Altars:
Ashenzari
Elyvilon
Nemelex Xobeh
Qazlal
Sif Muna
Trog
Vehumet
Yredelemnul
The Shining One

Shops:
D:5 [   D:10 *   D:15 *=   Orc:2 =[!   Elf:3 ==:   Shoals:1 [   Shoals:3 ([
Snake:1 (   Snake:2 [   Vaults:5 :   Depths:3 [

Portals:
Hell: Depths:1 Depths:2 Depths:3 Depths:4
Abyss: Depths:2 Depths:3 Depths:4
Pandemonium: Depths:1 Depths:2
Ziggurat: Depths:2
Trove: Vaults:4 (give +3 gold dragon scales)

Annotations:
D:5 1 runed translucent door, zammaz's ghost, amateur DENe
Lair:4 2 transporters, Dory's ghost, journeyman MeEE
Snake:3 2 runed translucent doors, gyole's ghost, adept OgWr


Innate Abilities, Weirdness & Mutations

You have a pair of horns on your head.
You reflexively headbutt those who attack you in melee.
Your flesh is heat resistant. (rF+)
You are frail. (-10% HP)
You are resistant to electric shocks. (rElec)
Your muscles are strong. (Str +4, Int/Dex -1)
You expend magic power (3 MP) to strengthen your wands.


Message History

The Orb Guardian is almost dead.
You block the Orb Guardian's attack.
You slice the Orb Guardian!!
You kill the Orb Guardian!
Trog accepts your kill.
There is a stone staircase leading up here.
You fly upwards.
There is a stone staircase leading down here.
A shadow demon comes into view.
There is a stone staircase leading up here.
You fly upwards.
There is a stone staircase leading down here.
You barely miss the shadow demon.
Press: ? - help, v - describe, . - travel
Here: a shadow demon The floor.
You closely miss the shadow demon.
You headbutt the shadow demon, but do no damage.
You block the shadow demon's attack.
You chop the shadow demon into pieces!!!
The shadow demon is severely wounded.
The shadow demon completely misses you.
You barely miss the shadow demon. You headbutt the shadow demon!!
You kill the shadow demon!
Trog accepts your kill.
Press: ? - help, v - describe, . - travel A permanent teleport trap.
This square is covered in magical glow.
Aiming: Dig
Press: ? - help, Shift-Dir - straight line A rock wall.
This square is covered in magical glow.
You feel a surge of power!
The rock shatters into small pieces.
Aiming: Dig
Press: ? - help, Shift-Dir - straight line A rock wall.
This square is covered in magical glow.
You feel a surge of power!
The rock shatters into small pieces.
There is a staircase leading out of the dungeon here.
You have escaped!

##.....#.#.# #..#............. #
#..........# #)#######...#.... #
#.###...#..# #.# ##...###### #
#.# #......####.## ##...####### #
#.# #......##)...###...## #.... #
#.# #......##.....#...## ###.. #
#.###..>#####........## #.... #
#.##.#..#>.^#........##########
###.###.####....@..............).
#...:.### #.##.........########.
#.#.#.######.############ ##
#..............# #.#.#.######.###
#..........#.# #.########.#.# #.#
#.### #.# #.#


There were no monsters in sight!

Vanquished Creatures
  2 dread liches
  6 ancient liches
  2 orbs of fire (Zot:5)
  Parghit (Zot:1)
  Frederick (Vaults:2)
  Vashnia (Snake:3)
  2 curse toes
  2 Killer Klowns (Zot:5)
  A caustic shrike (Depths:3)
  A profane servitor (Abyss:3)
  11 golden dragons
  A bone dragon (Depths:4)
  2 electric golems
  Jorgrun (Snake:3)
  28 tentacled monstrosities
  2 liches
  27 Orb Guardians
  8 titans
  11 death cobs
  6 quicksilver dragons
  3 deep elf blademasters
  A tentacled starspawn (Abyss:3)
  6 sphinxes
  9 shadow dragons
  Agnes (D:15)
  An Executioner (D:14)
  A kraken (Shoals:3)
  A thorn hunter (Abyss:3)
  15 storm dragons
  6 tengu reavers
  2 draconian monks (Zot:3)
  4 nagarajas
  Donald (Orc:2)
  A revenant (Vaults:3)
  8 draconian knights
  10 frost giants
  10 fire giants
  2 iron dragons
  Louise (Depths:2)
  21 vault wardens
  3 deep elf sorcerers (Elf:3)
  3 deep elf elementalists
  A draconian scorcher (Zot:5)
  2 ghost moths
  6 draconian stormcallers
  4 draconian shifters
  8 draconian annihilators
  3 war gargoyles
  24 very ugly things
  A reaper (IceCv)
  A spriggan defender (Depths:2)
  21 stone giants
  25 ironbound preservers
  9 green draconians
  6 vampire knights
  15 ironbound thunderhulks
  12 black draconians
  7 deep elf demonologists
  9 white draconians
  18 dire elephants
  5 yellow draconians
  10 deep elf annihilators
  4 purple draconians
  4 spark wasps
  3 red draconians
  Snorg (Orc:2)
  2 deep elf death magi (Elf:3)
  A green death (Depths:1)
  5 crystal guardians
  9 ettins
  14 yaktaur captains
  2 entropy weavers
  A merfolk impaler (Shoals:4)
  4 merfolk javelineers (Shoals:4)
  Josephine (D:13)
  6 deep elf high priests (Elf:3)
  An entropy weaver (shapeshifter) (D:14)
  6 fire dragons
  7 great orbs of eyes
  5 rakshasas
  40 vault guards
  8 peacekeepers
  9 ice dragons
  9 salamander tyrants
  6 hydras
  4 spriggan air magi
  12 ironbound frosthearts
  A merfolk avatar (Shoals:4)
  A hell beast (Zot:5)
  4 ogre magi
  12 anacondas
  6 catoblepae
  A satyr (Shoals:4)
  7 deep troll shamans
  5 merfolk aquamancers
  7 boulder beetles
  28 centaur warriors
  3 alligator snapping turtles
  18 death yaks
  7 two-headed ogres
  21 dancing weapons
  11 naga warriors
  5 tengu warriors
  A titan zombie (Vaults:3)
  A two-headed ogre (shapeshifter) (Vaults:5)
  9 deep troll earth magi
  13 naga sharpshooters
  11 shock serpents
  5 spriggan berserkers
  4 thrashing horrors (Abyss:3)
  3 spriggans (Depths:4)
  A hell knight (Depths:4)
  13 deep elf knights
  4 iron trolls (Depths:3)
  4 salamander mystics
  2 wretched stars (Abyss:3)
  8 skeletal warriors
  58 deep trolls
  5 skysharks
  2 shadow demons
  20 sea snakes
  2 flayed ghosts
  2 glowing orange brains
  4 deep elf archers
  4 naga ritualists
  3 orc knights
  9 wizards
  8 phantasmal warriors
  24 harpies
  16 ironbound convokers
  36 deep elf pyromancers
  13 lindwurms
  A wolf spider (D:14)
  6 mana vipers
  27 deep elf zephyrmancers
  9 cyclopes
  5 orc sorcerers
  2 harpies (shapeshifter)
  3 necromancers
  59 ugly things
  A cyclops (shapeshifter) (Vaults:5)
  12 fauns
  A worldbinder (Abyss:3)
  15 moths of wrath
  Maurice (D:9)
  15 manticores
  17 salamanders
  10 merfolk sirens
  12 water nymphs
  13 elephants
  A molten gargoyle (WizLab)
  20 vault sentinels
  An ice statue (IceCv)
  A smoke demon (Abyss:3)
  31 black mambas
  6 guardian serpents
  A torpor snail (Lair:4)
  An apocalypse crab (Abyss:3)
  13 naga magi
  14 cane toads
  6 gargoyles (WizLab)
  A rime drake (Lair:1)
  An orange demon (Abyss:3)
  Maggie (D:6)
  An ice devil (IceCv)
  36 yaktaurs
  A cane toad (shapeshifter) (D:14)
  2 freezing wraiths
  9 komodo dragons
  5 unseen horrors
  A yaktaur (shapeshifter) (Elf:3)
  6 tengu conjurers
  3 efreet
  2 ancient zymes (Abyss:3)
  2 polar bears
  A queen bee (shapeshifter) (Elf:1)
  22 merfolk
  A troll (Orc:1)
  An anaconda simulacrum (IceCv)
  A meliai (shapeshifter) (Depths:3)
  3 hornets (Depths:4)
  2 raiju (Abyss:3)
  9 blink frogs
  Prince Ribbit (D:6)
  3 meliai (D:14)
  13 wind drakes
  5 large abominations
  A wolf spider simulacrum (D:14)
  A fire giant simulacrum (Vaults:3)
  5 dream sheep
  12 air elementals
  43 slime creatures
  A dire elephant simulacrum (IceCv)
  2 shadows
  5 wraiths
  A flying skull (Abyss:3)
  30 water elementals
  6 wyverns
  A human (shapeshifter) (D:14)
  5 fire elementals
  75 yaks
  2 basilisks
  15 humans (D:13)
  2 neqoxecs (Abyss:3)
  A steam dragon (D:8)
  A chaos spawn (Zot:2)
  A redback (D:14)
  3 death yak simulacra (IceCv)
  5 vampire mosquitoes
  2 wargs (Orc:1)
  39 nagas
  8 small abominations
  A human zombie (Vaults:3)
  2 acid dragons
  12 water moccasins
  3 floating eyes
  2 hydra simulacra (IceCv)
  Duvessa (D:6)
  3 black bears
  29 orc warriors
  2 sky beasts
  12 boggarts
  A boggart (shapeshifter) (Vaults:5)
  10 wolves
  2 ogres
  28 centaurs
  3 kobold brigands
  Blork the orc (D:6)
  8 bullfrogs
  4 earth elementals (WizLab)
  A necrophage (D:6)
  A gnoll sergeant (D:10)
  A scorpion (D:6)
  5 two-headed ogre simulacra (IceCv)
  3 cane toad simulacra (IceCv)
  4 water moccasin zombies (Ossuary)
  13 wights
  Dowan (D:6)
  3 killer bees (D:10)
  9 howler monkeys
  14 electric eels
  2 gnoll boudas
  4 hounds
  14 orc priests
  22 starcursed masses (Abyss:3)
  Crazy Yiuf (D:5)
  An iron imp (Abyss:3)
  Jessica (D:2)
  5 iguanas
  25 orc wizards
  5 spriggan simulacra (IceCv)
  4 troll simulacra (IceCv)
  2 lightning spires (WizLab)
  2 polar bear simulacra (IceCv)
  2 wolf simulacra (IceCv)
  A boggart simulacrum (D:14)
  2 mummies (Ossuary)
  4 adders
  11 gnolls
  6 naga simulacra (IceCv)
  2 shadow imps
  7 white imps
  6 ufetubi (IceCv)
  2 adder zombies (Ossuary)
  A worm (D:3)
  5 dart slugs
  101 orcs
  9 endoplasms
  5 giant cockroaches
  4 goblins (D:1)
  9 hobgoblins
  2 jackals (D:1)
  2 quokkas
  9 ball pythons
  3 bats
  3 frilled lizards (D:2)
  2 gnoll zombies (Ossuary)
  9 hobgoblin zombies (Ossuary)
  18 kobolds
  8 kobold zombies (Ossuary)
  8 orc zombies (Ossuary)
  4 rats (D:1)
  A briar patch (Abyss:3)
  A lurking horror (Abyss:3)
2217 creatures vanquished.

Vanquished Creatures (collateral kills)
  An orb of fire (Zot:5)
  An ancient lich (Zot:5)
  A golden dragon (Depths:4)
  A lich (Depths:1)
  A tentacled monstrosity (Zot:5)
  An Orb Guardian (Zot:4)
  A deep elf master archer (Elf:3)
  A death cob (Zot:5)
  A sphinx (Depths:3)
  A shadow dragon (Vaults:5)
  A storm dragon (Shoals:4)
  A draconian monk (Zot:1)
  An iron dragon (Depths:3)
  A draconian shifter (Zot:2)
  A balrug (Depths:3)
  A very ugly thing (Depths:1)
  3 red draconians
  A deep elf annihilator (Elf:3)
  A deep elf death mage (Elf:3)
  A fire dragon (Depths:3)
  A deep elf high priest (Elf:3)
  A merfolk impaler (Shoals:4)
  A salamander tyrant (Snake:3)
  A centaur warrior (Vaults:1)
  A merfolk aquamancer (Shoals:4)
  A deep troll shaman (Depths:1)
  4 dancing weapons
  A naga warrior (Snake:2)
  A shock serpent (Snake:3)
  A naga sharpshooter (Snake:2)
  2 deep elf knights (Elf:2)
  A naga ritualist (Snake:2)
  A flayed ghost (Depths:1)
  2 deep elf pyromancers
  An ugly thing (Depths:1)
  An orc knight (Orc:2)
  3 salamanders
  2 deep elf zephyrmancers
  A manticore (Shoals:4)
  A vault sentinel (Vaults:1)
  An apocalypse crab (Abyss:3)
  A black mamba (Snake:2)
  A water nymph (Shoals:4)
  2 naga magi (Snake:3)
  A yaktaur (Vaults:1)
  An ancient zyme (Abyss:3)
  2 merfolk (Shoals:4)
  2 chaos spawn (Depths:4)
  3 wargs (Orc:2)
  A naga (Snake:2)
  9 orc warriors (Orc:2)
  2 small abominations (Depths:4)
  2 orc priests (Orc:2)
  2 orcs (Orc:2)
80 creatures vanquished.

Vanquished Creatures (others)
  A tengu reaver (Vaults:5)
  An ironbound preserver (Vaults:5)
  A vault guard (Vaults:5)
  2 dancing weapons (Elf:2)
  A wizard (Vaults:1)
  A deep elf zephyrmancer (Elf:1)
  An apocalypse crab (Abyss:3)
  A wind drake (Shoals:1)
  A fire elemental (WizLab)
  A centaur (D:14)
  An orc wizard (Orc:1)
  A troll simulacrum (IceCv)
  An orc (Orc:1)
  A briar patch (Abyss:3)
  9 fungi
  48 plants
  4 tentacles (Shoals:3)
76 creatures vanquished.

Grand Total: 2373 creatures vanquished

Notes
Turn   | Place    | Note
-------+----------+-------------------------------------------
     0 | D:1      | touchme the Minotaur Berserker began the quest for the Orb.
     0 | D:1      | Reached XP level 1. HP: 19/19 MP: 0/0
    68 | D:1      | Reached skill level 4 in Axes
   120 | D:1      | Reached XP level 2. HP: 26/26 MP: 1/1
   500 | D:1      | Reached skill level 5 in Axes
   518 | D:1      | Reached ** piety under Trog
   580 | D:1      | Reached XP level 3. HP: 28/31 MP: 2/2
   905 | D:2      | Found a bloodstained altar of Trog.
   932 | D:2      | You fall into a shaft and drop 2 floors!
  1116 | D:2      | Noticed Jessica
  1122 | D:2      | Identified the +9 dagger "Agapoif" {freeze, Will+ Str+2}
  1131 | D:2      | Killed Jessica
  1132 | D:2      | Reached skill level 6 in Axes
  1132 | D:2      | Reached XP level 4. HP: 37/39 MP: 3/3
  1954 | D:3      | Reached *** piety under Trog
  1955 | D:3      | Reached XP level 5. HP: 45/45 MP: 4/4
  1960 | D:3      | Reached skill level 7 in Axes
  2186 | D:4      | Found a staircase to the Ecumenical Temple.
  2484 | D:4      | Reached skill level 8 in Axes
  2487 | D:4      | Reached XP level 6. HP: 51/51 MP: 5/5
  3254 | Temple   | Entered the Ecumenical Temple
  3280 | D:5      | Entered Level 5 of the Dungeon
  3378 | D:5      | Reached skill level 9 in Axes
  3443 | D:5      | Found a basalt altar of Yredelemnul.
  3467 | D:5      | Reached **** piety under Trog
  3550 | D:5      | Found a runed translucent door.
  3555 | D:5      | Noticed zammaz's ghost (amateur DENe)
  3613 | D:5      | Noticed a water moccasin
  3622 | D:5      | Killed a water moccasin
  3623 | D:5      | Reached skill level 10 in Axes
  3623 | D:5      | Reached XP level 7. HP: 57/57 MP: 6/6
  3881 | D:5      | Found Bohiekh's Armour Boutique.
  3887 | D:5      | Bought a +0 buckler for 58 gold pieces
  3887 | D:5      | Bought a +1 hat for 143 gold pieces
  4356 | D:5      | Found a runed translucent door.
  4357 | D:5      | Noticed Crazy Yiuf
  4372 | D:5      | Killed Crazy Yiuf
  4606 | D:6      | Reached skill level 11 in Axes
  4894 | D:6      | Found a stormy altar of Qazlal.
  4913 | D:6      | Noticed Dowan
  4913 | D:6      | Noticed Duvessa
  5006 | D:6      | Reached XP level 8. HP: 64/64 MP: 7/7
  5016 | D:6      | Killed Duvessa
  5022 | D:6      | Killed Dowan
  5023 | D:6      | Reached skill level 12 in Axes
  5118 | D:6      | Reached skill level 13 in Axes
  5276 | D:6      | Noticed Prince Ribbit
  5298 | D:6      | Killed Prince Ribbit
  5459 | D:6      | Noticed Maggie
  5471 | D:6      | Killed Maggie
  5472 | D:6      | Reached skill level 14 in Axes
  5644 | D:6      | Noticed Blork the orc
  5655 | D:6      | Killed Blork the orc
  5656 | D:6      | Reached XP level 9. HP: 70/70 MP: 8/8
  5940 | D:7      | Reached skill level 15 in Axes
  5991 | D:7      | Found a sand-covered staircase.
  5997 | Ossuary  | Entered an ossuary
  6068 | Ossuary  | Reached ***** piety under Trog
  6100 | Ossuary  | Identified the +7 hand axe of the Lumpy Artisans {flame,
                  | rC+ Str+2} (Trog gifted it to you in an ossuary)
  6100 | Ossuary  | Received a gift from Trog
  6573 | D:7      | Reached skill level 16 in Axes
  6633 | D:7      | Found a sparkling altar of Nemelex Xobeh.
  6974 | D:8      | Reached skill level 1 in Shields
  7127 | D:8      | Noticed a two-headed ogre
  7139 | D:8      | Killed a two-headed ogre
  7140 | D:8      | Reached XP level 10. HP: 80/80 MP: 9/9
  7742 | D:8      | Reached skill level 5 in Fighting
  7959 | D:5      | Bought the +0 pair of gloves of Mefi {Will+} for 222 gold
                  | pieces
  8306 | D:9      | Reached skill level 5 in Armour
  8322 | D:9      | Reached skill level 5 in Dodging
  8409 | D:9      | Reached skill level 5 in Shields
  8445 | D:9      | Found a white marble altar of Elyvilon.
  8485 | D:9      | Identified the +5 trident of Biytixywn {flame, rElec Dex+5
                  | Stlth-}
  9077 | D:9      | Noticed Maurice
  9114 | D:9      | Killed Maurice
  9115 | D:9      | Reached XP level 11. HP: 62/92 MP: 10/10
  9411 | D:9      | Found a staircase to the Lair.
  9585 | D:10     | Entered Level 10 of the Dungeon
  9788 | D:10     | Found a broken altar of Ashenzari.
  9918 | D:10     | Found Yneguif's General Store.
 10506 | D:11     | Found a frozen archway.
 10515 | IceCv    | Entered an ice cave
 10768 | IceCv    | Received a gift from Trog
 10873 | IceCv    | Noticed a reaper
 10893 | IceCv    | Killed a reaper
 11549 | D:11     | Found a staircase to the Orcish Mines.
 11575 | D:11     | Reached ****** piety under Trog
 12129 | D:11     | Received a gift from Trog
 12428 | Lair:1   | Entered Level 1 of the Lair of Beasts
 12437 | Lair:1   | Reached XP level 12. HP: 105/105 MP: 11/11
 12724 | Lair:1   | Reached skill level 10 in Fighting
 12898 | Lair:1   | Reached skill level 10 in Armour
 13028 | Lair:1   | Reached skill level 10 in Shields
 13902 | Lair:2   | Found a staircase to the Snake Pit.
 13936 | Lair:2   | Noticed a death yak
 13936 | Lair:2   | Noticed a death yak
 13937 | Lair:2   | Noticed a death yak
 13939 | Lair:2   | Noticed a death yak
 13940 | Lair:2   | Noticed a death yak
 13950 | Lair:2   | Killed a death yak
 13955 | Lair:2   | Killed a death yak
 13957 | Lair:2   | Killed a death yak
 13959 | Lair:2   | Killed a death yak
 13964 | Lair:2   | Killed a death yak
 13965 | Lair:2   | Reached XP level 13. HP: 117/117 MP: 12/12
 14590 | Lair:2   | Found the +3 pair of seven-league boots {Rampage+∞}
 14966 | Lair:3   | Found a staircase to the Shoals.
 16009 | Lair:4   | Found a transporter.
 16012 | Lair:4   | Found a transporter.
 16013 | Lair:4   | Noticed Dory's ghost (journeyman MeEE)
 16015 | Lair:4   | Identified the +6 rapier of Blood {flame, Fragile +Blink
                  | rPois}
 16083 | Lair:4   | Received a gift from Trog
 16330 | Lair:4   | Found a glowing golden altar of the Shining One.
 16453 | Lair:4   | Found a staircase to the Slime Pits.
 16912 | Lair:5   | Entered Level 5 of the Lair of Beasts
 17144 | Lair:5   | Reached XP level 14. HP: 94/130 MP: 13/13
 17780 | Lair:5   | Received a gift from Trog
 19258 | D:12     | Reached skill level 15 in Fighting
 19748 | Orc:1    | Entered Level 1 of the Orcish Mines
 19763 | Orc:1    | Reached skill level 15 in Armour
 19767 | Orc:1    | Identified the +11 trident of Ucsoyj {heavy, rPois rF++ rC+
                  | Int-4} (Trog gifted it to you on level 1 of the Orcish
                  | Mines)
 19767 | Orc:1    | Received a gift from Trog
 20265 | Orc:2    | Entered Level 2 of the Orcish Mines
 20329 | Orc:2    | Noticed Donald
 20346 | Orc:2    | Killed Donald
 20347 | Orc:2    | Reached skill level 15 in Shields
 20456 | Orc:2    | Received a gift from Trog
 20626 | Orc:2    | Found a staircase to the Elven Halls.
 20700 | Orc:2    | Noticed Snorg
 20708 | Orc:2    | Killed Snorg
 20789 | Orc:2    | Found Awauwnodocs's Distillery.
 20789 | Orc:2    | Found Qucziomn's Armour Shoppe.
 20791 | Orc:2    | Found Pang's Jewellery Emporium.
 20793 | Orc:2    | Found Rorr's Jewellery Shop.
 21011 | D:10     | Bought the +0 crystal plate armour of Theory {rElec rPois
                  | rC+} for 1451 gold pieces
 21182 | Orc:1    | Reached XP level 15. HP: 126/143 MP: 14/14
 21528 | Snake:1  | Entered Level 1 of the Snake Pit
 21699 | D:13     | Identified the ring "Wiraoh" {rElec EV+5 Int+4 Dex+3}
 21881 | D:13     | Noticed Josephine
 21895 | D:13     | Killed Josephine
 21943 | D:13     | Found a radiant altar of Vehumet.
 21951 | D:13     | Received a gift from Trog
 22275 | D:13     | Found a gate to the Vaults.
 23131 | D:14     | Noticed a fire giant
 23147 | D:14     | Killed a fire giant
 23177 | D:14     | Received a gift from Trog
 23323 | D:14     | Identified the +6 chain mail "Rogug" {+Blink rN+}
 23358 | D:14     | Noticed a sphinx
 23374 | D:14     | Paralysed by a sphinx for 2 turns
 23379 | D:14     | Killed a sphinx
 23980 | D:14     | Reached XP level 16. HP: 153/155 MP: 15/15
 24631 | D:15     | Entered Level 15 of the Dungeon
 24667 | D:15     | Reached skill level 1 in Evocations
 24810 | D:15     | Found a staircase to the Depths.
 24869 | D:15     | Found Nicephuu's Assorted Antiques.
 24974 | D:15     | Found Mupnetwo's Jewellery Emporium.
 25008 | D:15     | Noticed Agnes
 25015 | D:15     | Killed Agnes
 25204 | D:15     | Received a gift from Trog
 25245 | D:15     | Reached skill level 17 in Axes
 26026 | Snake:1  | Found Ynoury's Weapon Shop.
 26059 | Snake:1  | Reached skill level 5 in Evocations
 26445 | Snake:1  | Identified the +1 ring mail "Ituuh" {rPois rCorr Int+5
                  | Dex-2}
 27002 | Snake:2  | Reached skill level 18 in Axes
 27002 | Snake:2  | Identified the +5 war axe of Omnuweygh {flame, Str+3 Dex+3}
                  | (Trog gifted it to you on level 2 of the Snake Pit)
 27002 | Snake:2  | Received a gift from Trog
 27345 | Snake:2  | Found Next's Armour Shop.
 27402 | Snake:2  | Identified the +0 long sword "Petess" {flame, rF+ SInv}
 27490 | Snake:2  | Found a shimmering blue altar of Sif Muna.
 27882 | Orc:2    | Bought the amulet of Propriety {Reflect Fly Dex+3 Slay+2
                  | SH+5 SInv} for 986 gold pieces
 28104 | Snake:3  | Noticed Jorgrun
 28122 | Snake:3  | Reached XP level 17. HP: 151/162 MP: 16/16
 28133 | Snake:3  | Killed Jorgrun
 28347 | Snake:3  | Noticed Vashnia
 28372 | Snake:3  | Killed Vashnia
 28378 | Snake:3  | Reached skill level 10 in Evocations
 29075 | Snake:3  | Found a runed translucent door.
 29076 | Snake:3  | Noticed gyole's ghost (adept OgWr)
 29101 | Snake:3  | Reached skill level 10 in Dodging
 29117 | Snake:3  | Identified the +7 dagger of Poverty {venom, Dex+2}
 29267 | Snake:3  | Found a runed translucent door.
 29502 | Snake:4  | Entered Level 4 of the Snake Pit
 30019 | Snake:4  | Identified the +4 rapier "Olunn" {antimagic, +Blink rPois
                  | Dex+5} (Trog gifted it to you on level 4 of the Snake Pit)
 30019 | Snake:4  | Received a gift from Trog
 30336 | Snake:4  | Noticed a quicksilver dragon
 30336 | Snake:4  | Noticed a quicksilver dragon
 30346 | Snake:4  | Killed a quicksilver dragon
 30347 | Snake:4  | Killed a quicksilver dragon
 30352 | Snake:4  | Got a serpentine rune of Zot
 31331 | Shoals:1 | Entered Level 1 of the Shoals
 31401 | Shoals:1 | Found a stormy altar of Qazlal.
 31440 | Shoals:1 | Found Dofa Ria's Antique Armour Boutique.
 31442 | Shoals:1 | Reached XP level 18. HP: 153/174 MP: 17/17
 31627 | Shoals:1 | Received a gift from Trog
 33332 | Shoals:3 | Reached skill level 15 in Dodging
 33531 | Shoals:3 | Found Ewutauz's Weapon Emporium.
 33835 | Shoals:3 | Received a gift from Trog
 33951 | Shoals:3 | Found Li Erlang's Dragon-Slaying Spoils.
 34075 | Shoals:4 | Entered Level 4 of the Shoals
 34076 | Shoals:4 | Paralysed by an air elemental for 1 turns
 34083 | Shoals:4 | Paralysed by an air elemental for 1 turns
 34091 | Shoals:4 | Paralysed by an air elemental for 1 turns
 34096 | Shoals:4 | Paralysed by an air elemental for 1 turns
 34170 | Shoals:4 | Got a barnacled rune of Zot
 34678 | Shoals:4 | Received a gift from Trog
 34846 | Shoals:4 | Found a stormy altar of Qazlal.
 35582 | Vaults:1 | Entered Level 1 of the Vaults
 35609 | Vaults:1 | Reached XP level 19. HP: 177/187 MP: 18/18
 35692 | Vaults:1 | Received a gift from Trog
 35876 | Vaults:1 | Reached skill level 19 in Axes
 36528 | Vaults:1 | Received a gift from Trog
 37124 | Vaults:2 | Reached skill level 20 in Axes
 37419 | Vaults:2 | Noticed Frederick
 37440 | Vaults:2 | Killed Frederick
 37728 | Vaults:2 | Reached XP level 20. HP: 194/198 MP: 19/19
 38026 | Vaults:3 | Received a gift from Trog
 38071 | Vaults:3 | Found a staircase to the Crypt.
 38388 | Vaults:3 | Reached skill level 21 in Axes
 39280 | Vaults:4 | Received a gift from Trog
 39572 | Vaults:4 | Paralysed by a great orb of eyes for 4 turns
 39936 | Vaults:4 | Received a gift from Trog
 39992 | Vaults:4 | Reached XP level 21. HP: 176/206 MP: 20/20
 40006 | Vaults:4 | Reached skill level 22 in Axes
 40414 | Vaults:4 | Found a portal to a secret trove of treasure.
 41069 | Elf:1    | Entered Level 1 of the Elven Halls
 41095 | Elf:1    | Found a radiant altar of Vehumet.
 41316 | Elf:1    | Identified the +4 trident "Lulyun" {pain, Dex+3}
 41325 | Elf:1    | Identified the +2 hand axe of Income {heavy, Contam Dex+3
                  | SInv} (Trog gifted it to you on level 1 of the Elven Halls)
 41325 | Elf:1    | Received a gift from Trog
 42214 | Elf:2    | Paralysed by an air elemental for 1 turns
 42357 | Elf:2    | Found a runed translucent gate.
 42358 | Elf:2    | Found a runed translucent gate.
 42358 | Elf:2    | Found a runed translucent gate.
 42438 | Elf:2    | Received a gift from Trog
 42600 | Elf:2    | Paralysed by an air elemental for 1 turns
 42751 | Elf:2    | Reached skill level 23 in Axes
 43091 | Elf:3    | Entered Level 3 of the Elven Halls
 43092 | Elf:3    | Identified a scroll of acquirement
 43093 | Elf:3    | Acquired 518 gold pieces
 43394 | Shoals:3 | Bought +0 gold dragon scales for 1440 gold pieces
 43741 | Elf:3    | Found a magical portal.
 43750 | WizLab   | Entered Maxwell's Workshop
 43806 | WizLab   | Identified the ring "Haquos" {Fire rN++ Dex-3}
 43961 | WizLab   | Received a gift from Trog
 44084 | WizLab   | Identified the +5 whip of Fee Simple {flame, rC+}
 44394 | WizLab   | Identified the +8 sling of the Hidden Hosts {drain, rC+}
 44582 | Elf:3    | Found Naasei's Book Boutique.
 44582 | Elf:3    | Found Ifiq's Jewellery Emporium.
 44585 | Elf:3    | Found Fiotroha's Jewellery Emporium.
 44881 | Elf:3    | Reached XP level 22. HP: 210/217 MP: 21/21
 44934 | Elf:3    | Received a gift from Trog
 45179 | Elf:3    | Found the +3 robe of Clouds {*Thunder rCloud rElec}
 45316 | Elf:3    | Identified the +9 dagger of Woecu {holy, +Blink}
 45354 | Elf:3    | Found the +7 captain's cutlass {speed, disarm}
 45359 | Elf:3    | Identified the amulet of Lesuwn {RegenMP Str+2}
 45381 | Elf:3    | Identified the +0 chain mail of Syntob {Dex+4}
 46007 | Depths:1 | Entered Level 1 of the Depths
 46843 | Depths:1 | Found a gateway to Hell.
 46958 | Depths:1 | Paralysed by a floating eye for 3 turns
 46960 | Depths:1 | Reached skill level 24 in Axes
 47218 | Depths:1 | Received a gift from Trog
 47240 | Depths:1 | Identified the +8 dagger of Eternal War {heavy, MP+9}
 47333 | Depths:1 | Found a one-way gate leading to the halls of Pandemonium.
 47514 | Depths:2 | Paralysed by a floating eye for 2 turns
 47707 | Depths:2 | Identified the amulet of Bubro {RegenMP rPois rF- Str+4}
 47719 | Depths:2 | Identified the ring "Nehecrol" {rC+ rCorr Dex+4 Slay-3
                  | SInv}
 47752 | Depths:2 | Noticed a golden dragon
 47759 | Depths:2 | Killed a golden dragon
 47934 | Depths:2 | Found a one-way gate to the infinite horrors of the Abyss.
 47934 | Depths:2 | Noticed Louise
 47942 | Depths:2 | Killed Louise
 47968 | Depths:2 | Found the ring of the Octopus King
 47975 | Depths:2 | Identified the +3 scale mail of Arasim {+Inv rF+ Slay-6
                  | SInv}
 47976 | Depths:2 | Identified a ring of the Octopus King {rCorr HP+2 AC+2 EV+2
                  | SH+2}
 48217 | Depths:2 | Received a gift from Trog
 48217 | Depths:2 | Noticed a golden dragon
 48225 | Depths:2 | Killed a golden dragon
 48419 | Depths:2 | Found a one-way gateway to a ziggurat.
 48899 | Depths:3 | Reached XP level 23. HP: 226/227 MP: 22/22
 49110 | Depths:3 | Found Kain Qirph's Antique Armour Boutique.
 49205 | Depths:3 | Reached skill level 25 in Axes
 49271 | Depths:3 | Found a transporter.
 49327 | Depths:3 | Received a gift from Trog
 49469 | Depths:3 | Found a transporter.
 49665 | Depths:3 | Noticed a caustic shrike
 49673 | Depths:3 | Killed a caustic shrike
 49708 | Depths:3 | Identified the ring "Vopruanu" {rF+ rN+ Str+6}
 49715 | Depths:3 | Identified the ring "Ocuivipp" {Fire MP+9 Str-2 Dex+5
                  | Stlth+}
 49737 | Depths:4 | Entered Level 4 of the Depths
 49774 | Depths:4 | Found a flickering gateway to a bazaar.
 49786 | Bazaar   | Entered a bazaar
 49788 | Bazaar   | Found Hukuuweh's General Store.
 49788 | Bazaar   | Found Xiolu's Book Shoppe.
 49809 | Bazaar   | Found Qoubb's Magic Scroll Emporium.
 49845 | Bazaar   | Found Cikearoe's Magic Scroll Shoppe.
 49874 | Bazaar   | Bought a scroll of blinking for 135 gold pieces
 49895 | Bazaar   | Bought a scroll of teleportation for 51 gold pieces
 49895 | Bazaar   | Bought a scroll of enchant weapon for 127 gold pieces
 49895 | Bazaar   | Bought a scroll of enchant weapon for 127 gold pieces
 49895 | Bazaar   | Bought a scroll of teleportation for 51 gold pieces
 49925 | Bazaar   | Bought a scroll of blinking for 97 gold pieces
 49925 | Bazaar   | Bought a scroll of fear for 52 gold pieces
 49925 | Bazaar   | Bought a scroll of enchant armour for 97 gold pieces
 50188 | Depths:4 | Found a gate to the Realm of Zot.
 50593 | Depths:4 | Found a glowing golden altar of the Shining One.
 50606 | Depths:4 | Received a gift from Trog
 51211 | Vaults:5 | Entered Level 5 of the Vaults
 51229 | Vaults:5 | Noticed a dread lich
 51314 | Vaults:5 | Noticed an ancient lich
 51341 | Vaults:5 | Killed an ancient lich
 51360 | Vaults:5 | Reached skill level 26 in Axes
 51734 | Vaults:5 | Noticed an ancient lich
 51746 | Vaults:5 | Killed a dread lich
 51752 | Vaults:5 | Killed an ancient lich
 51753 | Vaults:5 | Reached XP level 24. HP: 238/238 MP: 22/22
 51783 | Vaults:5 | Identified the ring of Emyagh {Fire rPois}
 51890 | Abyss:3  | Cast into level 3 of the Abyss (yaktaur captain)
 51894 | Abyss:3  | Found a corrupted altar of Lugonu.
 51920 | Abyss:3  | Found a corrupted altar of Lugonu.
 51951 | Abyss:3  | Paralysed by accursed screaming for 1 turns
 51955 | Abyss:3  | Paralysed by accursed screaming for 1 turns
 52064 | Abyss:3  | Received a gift from Trog
 52065 | Abyss:3  | Paralysed by accursed screaming for 1 turns
 52085 | Abyss:3  | Got an abyssal rune of Zot
 52300 | Vaults:5 | Escaped the Abyss
 52386 | Vaults:5 | Identified the +12 mace "Plog" {flame, rPois rC++ Int-5
                  | Stlth+}
 52767 | Vaults:5 | Received a gift from Trog
 52844 | Vaults:5 | Identified the ring "Buoryri" {rC- Will+ Str-3 Slay+5 SInv}
 53004 | Vaults:5 | Found Pumm's Book Shop.
 53112 | Vaults:5 | Identified the +4 scimitar "Cyrphidye" {flame, rC- rN+
                  | Str+7}
 53442 | Vaults:5 | Identified the ring of Mistrust {rN+ MP+9 Int+3}
 53464 | Vaults:5 | Identified the +1 glaive "Tagigac" {freeze, +Blink Int+3}
 53571 | Vaults:5 | Got a silver rune of Zot
 53577 | Vaults:5 | Identified the +9 plate armour "Ximi" {rPois Regen+ Dex+2}
 54067 | Zot:1    | Entered Level 1 of the Realm of Zot
 54073 | Zot:1    | Noticed Parghit
 54075 | Zot:1    | Reached skill level 27 in Axes
 54082 | Zot:1    | Killed Parghit
 55384 | Zot:1    | Received a gift from Trog
 55578 | Zot:2    | Reached XP level 25. HP: 232/236 MP: 22/22
 57156 | Vaults:5 | Bought a manual of Dodging for 1520 gold pieces
 58803 | Zot:5    | Entered Level 5 of the Realm of Zot
 58810 | Zot:5    | Received a gift from Trog
 59672 | Zot:5    | Noticed an orb of fire
 59683 | Zot:5    | Gained mutation: You sometimes lose your temper in combat.
                  | [an orb of fire]
 59698 | Zot:5    | Killed an orb of fire
 59705 | Zot:5    | Noticed an ancient lich
 59705 | Zot:5    | Noticed a dread lich
 59995 | Zot:4    | Lost mutation: You sometimes lose your temper in combat.
                  | [potion of mutation]
 59995 | Zot:4    | Gained mutation: You expend magic power (3 MP) to
                  | strengthen your wands. [potion of mutation]
 59995 | Zot:4    | Gained mutation: You are resistant to electric shocks.
                  | (rElec) [potion of mutation]
 59995 | Zot:4    | Gained mutation: Your flesh is heat resistant. (rF+)
                  | [potion of mutation]
 59995 | Zot:4    | Gained mutation: Your muscles are strong. (Str +4, Int/Dex
                  | -1) [potion of mutation]
 60011 | Zot:4    | Killed a dread lich
 60028 | Zot:5    | Killed an ancient lich
 60172 | Zot:5    | Noticed an orb of fire
 60190 | Zot:5    | Killed an orb of fire
 60202 | Zot:5    | Noticed an ancient lich
 60210 | Zot:5    | Killed an ancient lich
 60212 | Zot:5    | Noticed a Killer Klown
 60484 | Zot:5    | Killed a Killer Klown
 60513 | Zot:5    | Reached XP level 26. HP: 231/253 MP: 7/22
 60545 | Zot:5    | Noticed an ancient lich
 60552 | Zot:5    | Noticed an ancient lich
 60555 | Zot:5    | Killed an ancient lich
 60569 | Zot:5    | Killed an ancient lich
 60591 | Zot:5    | Noticed an ancient lich
 60603 | Zot:5    | Noticed an orb of fire
 60608 | Zot:5    | Gained mutation: You are frail. (-10% HP) [an orb of fire]
 60619 | Zot:5    | Killed an ancient lich
 60620 | Zot:5    | Killed an orb of fire
 60713 | Zot:5    | Got the Orb of Zot
 61259 | Abyss:3  | Cast into level 3 of the Abyss (a deep elf sorcerer)
 61261 | Abyss:3  | Found a corrupted altar of Lugonu.
 61280 | Abyss:3  | Received a gift from Trog
 61291 | Abyss:3  | Paralysed by accursed screaming for 1 turns
 61437 | D:11     | Escaped the Abyss
 61703 | D:$      | Escaped with the Orb!

Illustrated notes

Levels and vault maps discovered:
D:1:      elethiomel_arrival_shortcut, layout_loops_ring
D:2:      layout_rooms, basic_altar, uniq_jessica
D:3:      layout_rooms
D:4:      layout_layer_cave, temple_pool_b, minmay_misc_feat_chi
D:5:      layout_loops_ring, yredelemnul_altar_generic, serial_shops,
          nicolae_shop_statue_plus, ebering_ghost_sewer_d,
          uniq_crazy_yiuf_cottage
D:6:      layout_loops_cross, overflow_temple_1_default, minmay_misc_feat_cross,
          uniq_maggie, uniq_duvessa, uniq_blork_the_orc, uniq_prince_ribbit1
D:7:      layout_basic, marbit_many_paths, enter_ossuary_1
D:8:      layout_loops_ring
D:9:      layout_basic, nicolae_elyvilon_temple_path, minmay_crystal_water,
          uniq_maurice
D:10:     layout_roguey, nicolae_ashenzari_panopticon, serial_shops, shop
D:11:     layout_grid_maze, hiddenorc2_lemuel, portal_ice_cave_entry_pillars_2
D:12:     layout_gridville
D:13:     layout_irregular_city, grunt_vaults_entry_tiered, fiery_altar_vehumet,
          uniq_josephine
D:14:     layout_basic, nicolae_elevator_lobby_plus, grunt_ministairs_9,
          serial_bayou_pond_d, nicolae_rejected_hall
D:15:     grunt_enter_depths_giant_problem, layout_loops_ring, serial_shops,
          nicolae_shop_stone, minmay_shop_enchanted_jewellery, uniq_agnes
Temple:   bh_familiar_temple
Lair:1:   layout_hall_layers, dreamdust_gnoll_shepherd,
          infiniplex_staircase_pool_2, grunt_megastairs_2
Lair:2:   layout_cave_pods, dummy_snake_entry,
          hellmonk_guarded_unrand_seven_league_boots, grunt_megastairs_3
Lair:3:   layout_long_grid, nicolae_shoals_entry_roost,
          chequers_serial_rivers_large_b
Lair:4:   layout_regular_city, slime_entry_1, basic_altar, gammafunk_ghost_hive
Lair:5:   evilmike_catoblepas_cave, layout_hall_layers, grunt_megastairs_5,
          serial_bayou_shore_b
Shoals:1: layout_shoals, serial_shops, shop_statue, lemuel_centaur_altar
Shoals:2: layout_shoals
Shoals:3: layout_shoals, serial_shops, nicolae_shop_bloodbath_and_beyond,
          nicolae_shop_dragon_depot
Shoals:4: shoals_end_hellmonk_storm_palace [storm_palace_center_square,
          storm_palace_corner_grid, storm_palace_corner_altar,
          storm_palace_corner_reverse_hut, storm_palace_corner_reverse_hut]
Snake:1:  layout_gridlike, guppyfry_snake_island, minmay_shop_star,
          serial_bayou_shore_b, serial_bayou_shore_b, serial_bayou_shore_b
Snake:2:  layout_grid_shapes, basic_altar, nicolae_take_the_stairs, st_stairs_5,
          drop_trap, lemuel_fruit_tree, grunt_megastairs_4
Snake:3:  layout_gridlike, special_room, ebering_ghost_inner_flame,
          grunt_ministairs_15, lightli_airlock, uniq_jorgrun, uniq_vashnia
Snake:4:  hellmonk_snake_rune_quicksilver_temple, layout_cave_town,
          serial_bayou_ford_a, nicolae_snake_bzzzt
Orc:1:    layout_caves
Orc:2:    st_orc_rangers, layout_caves, basic_altar, uniq_snorg, uniq_donald
Elf:1:    eino_elf_arrival_altar, layout_loops_corners, minmay_elf_sorcery,
          hellmonk_bongcloud_opening, moated_statue,
          nicolae_elf_variegated_diamond
Elf:2:    nicolae_elf_blades_crystal_corner, layout_geoelf_grid
Elf:3:    minmay_elf_hall_golems, layout_onion_city, mu_enter_wizlab_3,
          minmay_shop_grove
Vaults:1: vaults_mumra_minichess_inversion, v_misc_14,
          nicolae_vaults_stairing_the_circle, vaults_room_pools,
          hangedman_vaults_restitches, vaults_room_large_hall, v_pattern_3,
          vaults_room_door_hall, dpeg_vaults_monster_row, v_misc_22,
          layout_vaults_big_room
Vaults:2: nicolae_vaults_alarming, vaults_room_pools,
          nicolae_vaults_holding_cells, hangedman_vaults_impose,
          hangedman_vaults_snaps, grunt_vaults_funnel, v_misc_5,
          nicolae_vaults_network_s, nicolae_vaults_little_squares_1,
          nicolae_vaults_network_star, ontoclasm_vaults_twist,
          vaults_dpeg_encased_lava, v_alt_pattern_3,
          ontoclasm_vaults_loading_screen, layout_vaults_maze, uniq_frederick
Vaults:3: nicolae_vaults_asterisk, minmay_crypt_entry_simple_box,
          hangedman_vaults_stream, v_rooms_1, v_pattern_2,
          nicolae_vaults_windows_and_doors_thing, vaults_mumra_hexcomb,
          v_rooms_3, nicolae_vaults_murderbox, layout_vaults_omnigrid
Vaults:4: ontoclasm_vaults_gateway, ontoclasm_vaults_fault,
          hangedman_vaults_corner, nicolae_vaults_gold_heap,
          nicolae_vaults_diagonal_hallway_8, vaults_standard_mumra_lines,
          v_rooms_2, st_diamondy, hangedman_vaults_slice,
          hangedman_vaults_restitches, dpeg_vaults_monster_box,
          ontoclasm_vaults_ring_small, ontoclasm_vaults_shuriken, v_misc_19,
          layout_vaults_omnibox, trove_entry_hex_spiral
Vaults:5: serial_shops
Depths:1: layout_basic, hell_entry, rand_demon_pan_entry_4,
          chequers_serial_rivers_micro_b, hangedman_corner_corridor
Depths:2: minmay_the_grid_octo_tiled_octocenter
          [minmay_the_grid_octo_thin_diamonds,
          minmay_the_grid_octo_tetromino_candy,
          minmay_the_grid_octo_fat_diamond, minmay_the_grid_octo_clover_2,
          minmay_the_grid_octo_prize_star, minmay_the_grid_square_5x5_eight,
          minmay_the_grid_square_5x5_forky,
          minmay_the_grid_square_5x5_spiral_small,
          minmay_the_grid_square_5x5_checkered_statues], layout_honeycomb,
          enter_ziggurat_a, hell_entry, pan_entry,
          nicolae_abyss_entry_one_way_or_another, serial_bayou_lagoon_a,
          serial_bayou_shore_b
Depths:3: gammafunk_its_a_trap, layout_small_grid, serial_shops,
          kennysheep_mini_moat, hangedman_abyss_entry_splay, hell_entry,
          due_unseen_surprise
Depths:4: evilmike_zot_entry_round, layout_gridlike, tso_metal_star,
          serial_shops, bzr_in_the_mist, pf_vacation_house_of_asmodeus,
          minmay_room_of_horrors, kennysheep_random_hallway
Zot:1:    layout_gridlike, guppyfry_library_mini, uniq_parghit
Zot:2:    layout_cellular_growth
Zot:3:    layout_gridville
Zot:4:    layout_misc_corridors
Zot:5:    layout_misc_corridors

Skill      XL: |  1  2  3  4  5  6  7  8  9 10 11 12 13 14 15 16 17 18 19 20 21 22 23 24 25 26 |
---------------+-------------------------------------------------------------------------------+-----
Axes           | 4 5 6 8 10 11 14 16 18 20 21 23 24 26 27 | 27.0
Fighting       | 4 7 9 11 13 15 17 18 20 21 22 23 24 26 | 26.6
Shields        | 2 5 8 11 13 15 17 18 19 20 21 23 24 | 24.8
Armour         | 3 6 9 11 13 15 17 18 19 20 21 22 23 24 | 24.9
Dodging        | 3 5 8 12 15 16 17 18 19 20 22 23 | 23.7
Evocations     | 8 10 | 10.0

Action                     |  1- 3 |  4- 6 |  7- 9 | 10-12 | 13-15 | 16-18 | 19-21 | 22-24 | 25-27 || total
---------------------------+-------+-------+-------+-------+-------+-------+-------+-------+-------++-------
  Melee: Hand axe          |    90 |     4 |    47 |   528 |    89 |       |       |       |       ||   758
         Headbutt          |     6 |    24 |    46 |   110 |   261 |   368 |   367 |   500 |   303 ||  1985
         Punch             |     1 |     1 |       |       |       |       |       |       |       ||     2
         Dagger            |       |    85 |       |       |       |       |       |       |       ||    85
         War axe           |       |    69 |   206 |       |   431 |       |       |       |       ||   706
         Broad axe         |       |       |       |       |   428 |  1310 |  1130 |  1397 |   713 ||  4978
  Throw: Stone             |    12 |     5 |       |       |       |       |       |       |       ||    17
         Boomerang         |       |     2 |     8 |    20 |       |    11 |       |       |       ||    41
 Invoke: Trog's Hand       |     2 |       |       |     3 |     9 |     6 |     6 |    14 |     4 ||    44
         Berserk           |       |     2 |     7 |     3 |     2 |     1 |     2 |     2 |     1 ||    20
         Brothers in Arms  |       |       |       |       |     2 |     4 |     5 |    10 |     6 ||    27
  Evoke: Wand              |       |       |       |    13 |       |    11 |       |       |     5 ||    29
         Box of beasts     |       |       |       |       |       |       |       |     1 |       ||     1
    Use: Scroll            |       |     4 |     6 |     4 |    18 |     7 |    10 |    15 |    14 ||    78
         Potion            |       |       |     2 |       |     4 |     2 |       |    11 |     6 ||    25
   Stab: Distracted        |       |       |     1 |       |       |     1 |       |     3 |     6 ||    11
         Betrayed ally     |       |       |       |     1 |       |       |       |       |       ||     1
         Petrified         |       |       |       |       |     3 |       |       |       |       ||     3
         Petrifying        |       |       |       |       |     1 |       |       |       |       ||     1
         Invisible         |       |       |       |       |       |       |       |     2 |       ||     2
 Armour: Animal skin       |     3 |       |       |       |       |       |       |       |       ||     3
         Leather armour    |     5 |       |       |       |       |       |       |       |       ||     5
         Ring mail         |     7 |     4 |       |       |       |       |       |       |       ||    11
         Scale mail        |       |     3 |       |       |       |       |       |       |       ||     3
         Chain mail        |       |    42 |    92 |       |       |       |       |       |       ||   134
         Plate armour      |       |       |     6 |    43 |       |       |       |       |       ||    49
         Crystal plate arm |       |       |       |   159 |   498 |   436 |   277 |       |       ||  1370
         Gold dragon scale |       |       |       |       |       |       |    24 |   289 |   207 ||   520
  Dodge: Dodged            |    40 |    58 |    71 |    93 |   232 |   341 |   357 |   440 |   377 ||  2009
  Block: Buckler           |       |       |    13 |     6 |       |       |       |       |       ||    19
         Tower shield      |       |       |       |   248 |   670 |   863 |  1135 |  1376 |  1099 ||  5391
         Kite shield       |       |       |       |       |   201 |   310 |       |       |       ||   511
         Reflection        |       |       |       |       |       |   113 |    99 |    45 |     2 ||   259

Table legend: (Time is in decaauts)
 A = Elapsed time spent in this place.
 B = Non-inter-level travel time spent in this place.
 C = Inter-level travel time spent in this place.
 D = Time resting spent in this place.
 E = Time spent auto-exploring this place.
 F = Levels seen in this place.
 G = Mean time per level.
                   A        B        C        D        E       F      G
               +--------+--------+--------+--------+--------+-----+--------+
         Total |  60959 |  54450 |   6509 |   7786 |  34091 |  54 | 1128.9 |
       Dungeon |  18256 |  15609 |   2647 |   1702 |  10314 |  15 | 1217.1 |
        Temple |      1 |      1 |      0 |      0 |      0 |   1 |    1.0 |
          Lair |   6992 |   6055 |    937 |    857 |   4239 |   5 | 1398.4 |
        Shoals |   4158 |   3897 |    261 |    234 |   2897 |   4 | 1039.5 |
     Snake Pit |   5387 |   4983 |    404 |   1245 |   2851 |   4 | 1346.8 |
  Orcish Mines |   1798 |   1351 |    447 |     40 |    949 |   2 |  899.0 |
   Elven Halls |   3489 |   3223 |    266 |    153 |   2309 |   3 | 1163.0 |
        Vaults |   7676 |   7022 |    654 |    831 |   4562 |   5 | 1535.2 |
        Depths |   4954 |   4291 |    663 |    482 |   2667 |   4 | 1238.5 |
           Zot |   5853 |   5628 |    225 |   1690 |   2444 |   5 | 1170.6 |
         Abyss |    549 |    549 |      0 |    244 |      0 |   2 |  274.5 |
        Bazaar |    159 |    159 |      0 |      0 |     63 |   1 |  159.0 |
       Ossuary |    146 |    146 |      0 |      0 |      0 |   1 |  146.0 |
      Ice Cave |    811 |    811 |      0 |    139 |    420 |   1 |  811.0 |
        Wizlab |    722 |    722 |      0 |    165 |    374 |   1 |  722.0 |
               +--------+--------+--------+--------+--------+-----+--------+

Top non-repeatable levels by time:
Vaults:4: 1958 daAuts
    D:14: 1923 daAuts
Vaults:5: 1796 daAuts
   Zot:4: 1708 daAuts
 Snake:4: 1695 daAuts
     D:9: 1666 daAuts
  Lair:5: 1609 daAuts
    D:11: 1607 daAuts
  Lair:2: 1605 daAuts
 Snake:3: 1508 daAuts
     D:5: 1463 daAuts
    D:13: 1440 daAuts
 Snake:1: 1410 daAuts
     D:6: 1380 daAuts
     D:4: 1370 daAuts
